 Dungeon Crawl Stone Soup version 0.31-a0-233-g139696dc86 (webtiles) character file.

Game seed: 9743014207127869534

1491 qw the Skirmisher (level 8, -4/49 HPs)
             Began as a Gargoyle Hexslinger on July 7, 2023.
             Killed from afar by an acid dragon (26 damage)
             ... with a splash of acid
             ... on level 6 of the Dungeon.
             The game lasted 00:02:09 (4710 turns).

qw the Skirmisher (Gargoyle Hexslinger)             Turns: 4710, Time: 00:02:09

Health: -4/49      AC: 17    Str: 12    XL:     8   Next: 80%
Magic:  9/9        EV: 11    Int: 14    God:
Gold:   74         SH:  0    Dex: 14    Spells: 8/9 levels left

rFire   . . .        f - +0 hand crossbow (heavy)
rCold   . . .        (no shield)
rNeg    + . .        e - +3 ring mail
rPois   inf          (no helmet)
rElec   +            (no cloak)
rCorr   .            a - +0 pair of gloves
SInv    .            d - +1 pair of boots
Will    .....        (no amulet)
Stlth   +            (no ring)
HPRegen 0.28/turn    (no ring)
MPRegen 0.11/turn

%: no passive effects
@: no status effects
A: sickness immunity, AC +5, negative energy resistance 1, electricity
resistance, torment resistance 1, petrification resistance
a: no special abilities


You were on level 6 of the Dungeon.
You visited 2 branches of the dungeon, and saw 7 of its levels.

You collected 204 gold pieces.
You spent 130 gold pieces at shops.


Innate Abilities, Weirdness & Mutations

You are immune to sickness and miasma.
Your stone body is resilient. (AC +5)
You are immune to poison.
You resist negative energy. (rN+)
You are resistant to electric shocks. (rElec)
You are resistant to unholy torment.
You are immune to petrification.


   Skills:
 + Level 5.3 Fighting
 - Level 9.2 Ranged Weapons
 - Level 2.4 Armour
 - Level 2.1 Dodging
 - Level 1.0 Spellcasting
 - Level 2.6 Hexes


You had 8 spell levels left.
You knew the following spells:

 Your Spells              Type           Power      Damage    Failure   Level
a - Slow                  Hex            32%        N/A       19%         1

Your spell library contained the following spells:

 Spells                   Type           Power      Damage    Failure   Level
 Inner Flame              Hex/Fire       4%         N/A       69%         3
 Portal Projectile        Hex/Tloc       8%         N/A       69%         3
 Cause Fear               Hex            4%         N/A       88%         4

Inventory:

Hand Weapons
 f - a +0 heavy hand crossbow (weapon)
Armour
 a - a +0 pair of gloves (worn)
 d - a +1 pair of boots (worn)
 e - a +3 ring mail (worn)
Scrolls
 b - a scroll of teleportation
 c - 2 scrolls of identify
Potions
 h - a potion of enlightenment
 i - a potion of resistance

Dungeon Overview and Level Annotations

Branches:
Dungeon (6/15)             Temple (1/1) D:5

Altars:
Elyvilon
Fedhas
Gozag
Kikubaaqudgha
Makhleb
Nemelex Xobeh
Qazlal
Uskayaw
Vehumet
Wu Jian
Xom
Yredelemnul
Zin
The Shining One

Shops:
D:1 (   D:4 ?


Message History

an amulet of guardian spirit; a +0 trident
There is a stone staircase leading down here.
You climb downwards.
The adder hisses angrily.
The adder bites you but does no damage.
There is a stone staircase leading up here.
You shoot a bolt. The bolt closely misses the adder.
The adder bites you but does no damage. x3
You shoot a bolt. The bolt hits the adder!
The adder is almost dead.
The adder bites you but does no damage. The adder misses you.
The adder bites you but does no damage.
You shoot a bolt. The bolt hits the adder!!
You kill the adder!
The acid dragon roars!
You hear a shout!
Enter note:
Enter note: You shoot a bolt.
The bolt barely misses the acid dragon.
You shoot a bolt. The bolt hits the acid dragon!
The acid dragon is moderately wounded.
The acid dragon spits acid at you. The splash of acid hits you!
You hear a shout!
You shoot a bolt. The bolt hits the acid dragon!
The acid dragon is severely wounded.
The acid dragon bites you!
The acid dragon claws you but does no damage.
You shoot a bolt. The bolt hits the acid dragon.
The acid dragon is almost dead.
The acid dragon closely misses you.
The acid dragon claws you but does no damage.
The acid dragon bites you.
The acid dragon claws you but does no damage.
You shoot a bolt.
The bolt hits the acid dragon but does no damage.
The acid dragon is almost dead.
The acid dragon spits acid at you. The splash of acid hits you!!
Ouch! That really hurt!
You die...

......!....../.
##...............
#...............
##.............
##...........
###.#......##
#.#.......# ###
#...D...#.... ###
#....@.....# #..
#.......#.#.. #.#
#.......#.
#.###..........#
#.##...........#
#.##.###......##
####.##.###......#
#............#...#
#........#.###...#


You could see an acid dragon (catching breath).

Vanquished Creatures
  Grinder (D:4)
  A water moccasin (D:5)
  2 ice beasts (D:5)
  A black bear (D:5)
  An ogre (D:4)
  3 phantoms
  3 scorpions
  2 jellies (D:5)
  A hound (D:5)
  An orc priest (D:3)
  3 orc wizards
  2 sleepcaps
  9 adders
  A gnoll (D:1)
  2 worms
  A dart slug (D:5)
  11 orcs
  6 endoplasms
  3 giant cockroaches
  9 hobgoblins
  3 jackals (D:5)
  4 quokkas
  5 ball pythons
  7 bats
  2 frilled lizards (D:1)
  9 goblins
  10 kobolds
  11 rats
114 creatures vanquished.

Vanquished Creatures (others)
  An orc wizard (D:5)
1 creature vanquished.

Grand Total: 115 creatures vanquished

Notes
Turn   | Place    | Note
-------+----------+-------------------------------------------
     0 | D:1      | qw the Gargoyle Hexslinger began the quest for the Orb.
     0 | D:1      | Reached XP level 1. HP: 12/12 MP: 2/2
     0 | D:1      | 0 ||| qw: Version: 0.3-a-46-gb1f654a
     0 | D:1      | 0 ||| qw: Game counter: 3334
     0 | D:1      | 0 ||| qw: Melee chars always use a shield: true
     0 | D:1      | 0 ||| qw: God list: Okawaru
     0 | D:1      | 0 ||| qw: Allow faded altars: false
     0 | D:1      | 0 ||| qw: Do Orc after clearing Dungeon:15 true
     0 | D:1      | 0 ||| qw: Do second Lair branch before Depths: true
     0 | D:1      | 0 ||| qw: Lair rune preference: random
     0 | D:1      | 0 ||| qw: Goals: Normal
     0 | D:1      | 0 ||| PLANNING D:1-11
   171 | D:1      | Reached XP level 2. HP: 16/16 MP: 3/3
   308 | D:1      | Reached skill level 3 in Ranged Weapons
   457 | D:1      | Reached XP level 3. HP: 20/21 MP: 4/4
   616 | D:1      | Found Daerur's Antique Weapon Shoppe.
   857 | D:1      | 857 ||| UPGRADING to +0 pair of boots.
   862 | D:1      | 862 ||| UPGRADING to +3 ring mail.
   872 | D:1      | 872 ||| DROPPING +0 robe.
   873 | D:1      | 873 ||| READING 2 scrolls labelled BIUNTU KOSO.
   874 | D:1      | 874 ||| READING scroll labelled NIRUORGH CAGAF.
   875 | D:1      | 875 ||| DROPPING scroll of vulnerability.
   876 | D:1      | 876 ||| DROPPING scroll of poison.
   923 | D:2      | Reached skill level 1 in Armour
  1022 | D:2      | Reached XP level 4. HP: 23/26 MP: 5/5
  1264 | D:2      | Reached skill level 4 in Ranged Weapons
  1750 | D:2      | 1750 ||| DRINKING 4 orange potions.
  1891 | D:3      | Reached XP level 5. HP: 29/30 MP: 6/6
  2137 | D:3      | HP: 1/30 [orc priest/divine providence (11)]
  2138 | D:3      | 2138 ||| DRINKING 3 potions of heal wounds.
  2145 | D:3      | Reached skill level 5 in Ranged Weapons
  2432 | D:3      | 2432 ||| READING 2 scrolls labelled MOAJOZO XIKLANN.
  2433 | D:3      | 2433 ||| READING scroll of enchant armour.
  2433 | D:3      | 2433 ||| ENCHANTING +0 pair of boots.
  2434 | D:3      | 2434 ||| DRINKING 2 viscous red potions.
  2571 | D:4      | Found Otuch's Magic Scroll Shoppe.
  2589 | D:4      | Noticed an ogre
  2598 | D:4      | Killed an ogre
  2599 | D:4      | Reached skill level 3 in Fighting
  2599 | D:4      | Reached XP level 6. HP: 20/38 MP: 7/7
  2653 | D:4      | 2653 ||| FLEEEEING.
  2843 | D:4      | Found a stormy altar of Qazlal.
  2897 | D:4      | Noticed Grinder
  2904 | D:4      | Paralysed by Grinder for 2 turns
  2907 | D:4      | Paralysed by Grinder for 5 turns
  2915 | D:4      | Paralysed by Grinder for 3 turns
  2924 | D:4      | Killed Grinder
  2925 | D:4      | Reached skill level 6 in Ranged Weapons
  2925 | D:4      | Reached XP level 7. HP: 32/42 MP: 8/8
  2980 | D:4      | 2980 ||| Stepping ~*~*~tactically~*~*~ (outnumbered).
  2982 | D:4      | 2982 ||| Stepping ~*~*~tactically~*~*~ (outnumbered).
  3000 | D:4      | 3000 ||| FLEEEEING.
  3001 | D:4      | 3001 ||| FLEEEEING.
  3002 | D:4      | 3002 ||| FLEEEEING.
  3003 | D:4      | 3003 ||| FLEEEEING.
  3004 | D:4      | 3004 ||| FLEEEEING.
  3010 | D:4      | 3010 ||| FLEEEEING.
  3011 | D:4      | 3011 ||| FLEEEEING.
  3012 | D:4      | 3012 ||| FLEEEEING.
  3013 | D:4      | 3013 ||| FLEEEEING.
  3014 | D:4      | 3014 ||| FLEEEEING.
  3015 | D:4      | 3015 ||| FLEEEEING.
  3032 | D:4      | HP: 9/43 [orc/+0 mace (4)]
  3033 | D:4      | 3033 ||| DRINKING 2 potions of heal wounds.
  3038 | D:4      | Reached skill level 7 in Ranged Weapons
  3492 | D:4      | 3492 ||| READING scroll labelled LYTEST RYVUFFI.
  3493 | D:4      | 3493 ||| DRINKING 2 fizzy purple potions.
  3494 | D:4      | 3494 ||| READING 2 scrolls of identify.
  3494 | D:4      | 3494 ||| IDENTIFYING cyan potion
  3495 | D:4      | 3495 ||| DROPPING potion of brilliance.
  3496 | D:4      | 3496 ||| DROPPING potion of attraction.
  3546 | D:5      | Entered Level 5 of the Dungeon
  3708 | D:5      | 3708 ||| Stepping ~*~*~tactically~*~*~ (outnumbered).
  3710 | D:5      | Reached skill level 8 in Ranged Weapons
  3711 | D:5      | 3711 ||| Stepping ~*~*~tactically~*~*~ (outnumbered).
  3713 | D:5      | 3713 ||| Stepping ~*~*~tactically~*~*~ (outnumbered).
  3718 | D:5      | Reached XP level 8. HP: 48/48 MP: 9/9
  3822 | D:5      | 3822 ||| SWAPPING to +0 heavy hand crossbow.
  3823 | D:5      | 3823 ||| DROPPING +1 sling.
  3866 | D:5      | Found a basalt altar of Yredelemnul.
  3868 | D:5      | Noticed a profane servitor
  3925 | D:5      | Found a staircase to the Ecumenical Temple.
  3926 | D:5      | 3926 ||| PLANNING TEMPLE
  3926 | D:5      | 3926 ||| UPGRADING to +0 pair of gloves.
  3931 | D:5      | 3931 ||| READING scroll labelled KAWEPNED SYE.
  4009 | Temple   | Entered the Ecumenical Temple
  4175 | Temple   | 4175 ||| PLANNING D:1-11
  4215 | D:5      | 4215 ||| READING 2 scrolls of identify.
  4215 | D:5      | 4215 ||| IDENTIFYING inky potion
  4216 | D:5      | 4216 ||| DROPPING potion of magic.
  4224 | D:5      | 4224 ||| STAIRDANCE
  4384 | D:5      | 4384 ||| STAIRDANCE
  4388 | D:4      | 4388 ||| BUYING 2 scrolls of teleportation (78 gold).
  4388 | D:4      | Bought 2 scrolls of teleportation for 78 gold pieces
  4388 | D:4      | 4388 ||| BUYING scroll of identify (26 gold).
  4388 | D:4      | Bought a scroll of identify for 26 gold pieces
  4388 | D:4      | 4388 ||| BUYING scroll of identify (26 gold).
  4388 | D:4      | Bought a scroll of identify for 26 gold pieces
  4388 | D:4      | 4388 ||| READING 3 scrolls of identify.
  4388 | D:4      | 4388 ||| IDENTIFYING purple potion
  4484 | D:5      | Found a glowing golden altar of the Shining One.
  4486 | D:5      | Noticed an angel
  4600 | D:6      | 4600 ||| STAIRDANCE
  4604 | D:5      | Reached skill level 9 in Ranged Weapons
  4605 | D:5      | HP: 12/49 [gnoll/+0 whip[a gnoll bouda] (1)]
  4606 | D:5      | 4606 ||| READING 2 scrolls of teleportation.
  4607 | D:5      | 4607 ||| DRINKING potion of heal wounds.
  4710 | D:6      | Killed from afar by an acid dragon

Levels and vault maps discovered:
D:1:      tarquinn_simple_flora_water_a, layout_loops_cross, serial_shops,
          nicolae_shop_gibbet_a_chance, nicolae_eternal_life
D:2:      layout_basic
D:3:      layout_basic
D:4:      layout_loops_ring, mainiacjoe_overflow_six_doors_small, serial_shops,
          nicolae_take_the_stairs, uniq_grinder
D:5:      layout_basic, grunt_temple_overflow_holy_war,
          minmay_temple_entry_large_hall, minmay_misc_feat_cross
D:6:      layout_rooms, old_standard_altar, minmay_ruffians
Temple:   bh_familiar_temple

Skill      XL: |  1  2  3  4  5  6  7  8 |
---------------+-------------------------+-----
Ranged Weapons | 3 4 5 6 8 9 |  9.2
Fighting       | 2 3 4 5 |  5.3
Armour         | 1 2 |  2.4
Dodging        | 2 |  2.1
Spellcasting   | |  1.0
Hexes          | |  2.6

Action                     |  1- 3 |  4- 6 |  7- 9 || total
---------------------------+-------+-------+-------++-------
   Fire: Sling             |   112 |   227 |   133 ||   472
         Hand crossbow     |       |       |    52 ||    52
    Use: Scroll            |     2 |     2 |     6 ||    10
         Potion            |       |     3 |     3 ||     6
 Armour: Robe              |    12 |       |       ||    12
         Ring mail         |     9 |    76 |   181 ||   266
  Dodge: Dodged            |    44 |    65 |   133 ||   242

Table legend:
 A = Non-vault XP
 B = Vault XP
 C = Vault XP percentage of total XP
 D = Non-vault monster count
 E = Vault monster count
 F = Vault count percentage of total count
                 A         B        C        D         E       F
            +---------+---------+-------+---------+---------+-------
      Total |    1877 |     254 |  11.9 |     114 |       1 |   0.9
            +---------+---------+-------+---------+---------+-------
        D:1 |      56 |       0 |   0.0 |      30 |       0 |   0.0
        D:2 |      74 |       0 |   0.0 |      23 |       0 |   0.0
        D:3 |     107 |       0 |   0.0 |      17 |       0 |   0.0
        D:4 |     458 |     254 |  35.7 |      20 |       1 |   4.8
        D:5 |    1169 |       0 |   0.0 |      23 |       0 |   0.0
        D:6 |      13 |       0 |   0.0 |       1 |       0 |   0.0
            +---------+---------+-------+---------+---------+-------
